 Dungeon Crawl Stone Soup version 0.31-a0-222-gefeffbb62a (webtiles) character file.

Game seed: 14244144195214547554

2 Maxmaps the Poker (level 1, 0/16 HPs)
             Began as a Demonspawn Gladiator on July 6, 2023.
             Slain by a quokka (3 damage)
             ... on level 1 of the Dungeon.
             The game lasted 00:00:05 (37 turns).

Maxmaps the Poker (Demonspawn Gladiator)              Turns: 37, Time: 00:00:06

Health: 0/16       AC:  4    Str: 14    XL:     1   Next: 33%
Magic:  1/1        EV: 12    Int:  9    God:
Gold:   0          SH:  0    Dex: 14    Spells: 0/0 levels left

rFire   . . .        a - +0 trident
rCold   . . .        (no shield)
rNeg    . . .        b - +0 leather armour
rPois   .            c - +0 helmet
rElec   .            (no cloak)
rCorr   .            (no gloves)
SInv    .            (no boots)
Will    .....        (no amulet)
Stlth   +            (no ring)
HPRegen 0.22/turn    (no ring)
MPRegen 0.07/turn

%: no passive effects
@: no status effects
A: no striking features
a: no special abilities


You were on level 1 of the Dungeon.
You visited 1 branch of the dungeon, and saw 1 of its levels.

Inventory:

Hand Weapons
 a - a +0 trident (weapon)
Missiles
 d - 3 throwing nets (quivered)
 e - a javelin
Armour
 b - a +0 leather armour (worn)
 c - a +0 helmet (worn)


   Skills:
 - Level 2.0 Fighting
 + Level 2.9 Polearms
 - Level 1.7 Throwing
 - Level 2.6 Dodging


You couldn't memorise any spells.
You didn't know any spells.
Your spell library was empty.

Dungeon Overview and Level Annotations

Branches:
Dungeon (1/15)

Altars:


Message History

The hobgoblin attacks as you move away! The hobgoblin closely misses you.
You closely miss the hobgoblin. The goblin barely misses you.
The hobgoblin hits you. The goblin barely misses you.
The hobgoblin hits you but does no damage.
The endoplasm jiggles.
The endoplasm misses you. The quokka closely misses you.
The endoplasm attacks as you move away! The endoplasm hits you.
The quokka barely misses you. The quokka misses you.
The quokka attacks as you move away!
The quokka bites you but does no damage.
You hit the endoplasm.
The endoplasm is moderately wounded.
The quokka bites you but does no damage.
The quokka barely misses you. The endoplasm barely misses you.
The quokka closely misses you.
The quokka bites you but does no damage.
The goblin hits you but does no damage.
You hit the endoplasm.
You kill the endoplasm!
The quokka bites you but does no damage.
The quokka barely misses you. x2; The goblin hits you with a +0 dagger.
A hobgoblin comes into view.
The quokka bites you. The hobgoblin attacks as you move away!
The hobgoblin closely misses you.
The hobgoblin shouts!
The quokka bites you but does no damage.
The goblin barely misses you.
A hobgoblin comes into view.
The goblin attacks as you move away! The goblin hits you with a +0 dagger.
* * * LOW HITPOINT WARNING * * *
The quokka bites you.
* * * LOW HITPOINT WARNING * * *
You are too injured to fight recklessly!
You are too injured to fight recklessly!
You are too injured to fight recklessly!
The quokka attacks as you move away!
The quokka bites you but does no damage.
The quokka attacks as you move away! The quokka misses you.
The quokka bites you.
You die...

#..............
≈#....gg......!.
.~..........#### .
.~.........#### ...
.~............##....
#≈####....Kg........
# ######rg.......
######r####..#.
#.....@# .. #>...§##
#<....# #.....#
#######


You could see 2 quokkas, 2 hobgoblins, a goblin and a kobold.

Vanquished Creatures
  An endoplasm (D:1)
  A goblin (D:1)
2 creatures vanquished.

Notes
Turn   | Place    | Note
-------+----------+-------------------------------------------
     0 | D:1      | Maxmaps the Demonspawn Gladiator began the quest for the
                  | Orb.
     0 | D:1      | Reached XP level 1. HP: 16/16 MP: 1/1
    37 | D:1      | Slain by a quokka

Illustrated notes

Levels and vault maps discovered:
D:1:      dpeg_arrival_fog, layout_rooms, chequers_serial_rivers_micro_a,
          st_stairs_6, minmay_heptomino_w4

Action                     || total
---------------------------++-------
  Melee: Trident           ||     7
 Armour: Leather armour    ||    11
  Dodge: Dodged            ||    21

Table legend: (Time is in decaauts)
 A = Elapsed time spent in this place.
 B = Non-inter-level travel time spent in this place.
 C = Inter-level travel time spent in this place.
 D = Time resting spent in this place.
 E = Time spent auto-exploring this place.
 F = Levels seen in this place.
 G = Mean time per level.
                   A        B        C        D        E       F      G
               +--------+--------+--------+--------+--------+-----+--------+
         Total |     38 |     38 |      0 |      0 |     12 |   1 |   38.0 |
       Dungeon |     38 |     38 |      0 |      0 |     12 |   1 |   38.0 |
               +--------+--------+--------+--------+--------+-----+--------+

Top non-repeatable levels by time:
     D:1: 38 daAuts
